Cogmind - Beta 12 *** ADVENTURER MODE // 2023.05.22 @ 01:56:05 Player: Ms. V3-11A Result: Destroyed by P-60 Hacker with Shock Rifle Performance ------------- Evolutions (1) 500 Regions Visited (5) 1000 Robots Destroyed (100) 500 Value Destroyed (3689) 3689 Prototype IDs (12) 240 Alien Tech Used (0) 0 Bonus (583) 583 TOTAL SCORE: 6512 Bonus ------- High Alert Combat Kills 383 Entered Garrisons 200 Cogmind --------- Core Integrity 0/400 Matter 270/300 Energy 64/100 System Corruption 12% Temperature Cool (0) Movement Core (400) Ox7 Location -9/Garrison Parts ------- > --- POWER (1) -------- (None) > --- PROPULSION (3) --- (None) > --- UTILITY (3) ------ Improved Heat Sink Large Storage Unit Machine Analyzer > --- WEAPON (2) ------- Small Laser Mace > --- INVENTORY (15) --- Light Nuclear Core Light Nuclear Core Gravmag System Medium Storage Unit Medium Storage Unit Experimental Sensor Array Hacking Suite Relay Coupler [NC] (38) Relay Coupler [Grunt] (28) Relay Coupler [Sentry] (27) Rocket Launcher Peak State ------------ > --- POWER ------------ Improved Ion Engine > --- PROPULSION ------- Aluminum Leg Aluminum Leg Gravmag System > --- UTILITY ---------- Large Storage Unit Machine Analyzer Hardened Light Armor Plating > --- WEAPON ----------- Improved Medium Laser Improved Light Cannon > --- INVENTORY -------- Light Nuclear Core Light Nuclear Core VSS Leg Hover Unit Hover Unit Hover Unit Medium Storage Unit Medium Storage Unit Experimental Sensor Array Hacking Suite Relay Coupler [NC] Relay Coupler [Grunt] Improved Medium Laser Rocket Launcher Mace [Rating: 22] Favorites ----------- Power Improved Ion Engine Engine Improved Ion Engine Power Core Nuclear Core Propulsion Aluminum Leg Leg Aluminum Leg Hover Unit Gravmag System Utility Large Storage Unit Device Shield Generator Storage Large Storage Unit Processor Machine Analyzer Protection Hardened Light Armor Plating Weapon Light Assault Rifle Energy Gun Small Laser Energy Cannon Light EM Pulse Cannon Ballistic Gun Light Assault Rifle Ballistic Cannon Improved Light Cannon Launcher Rocket Launcher Impact Weapon Mace Build | -11 -10 -10 -9 -9 -9 ------- Run | Jun Mat Min Mat Sto Gar Slots Evolved 2 | . . . 2 . . Power . | . . . . . . Propulsion 1 | . . . 1 . . Utility 1 | . . . 1 . . Weapon . | . . . . . . Parts Attached 78 | 1 19 7 16 3 32 Power 12 | 1 3 1 3 . 4 Engine 11 | 1 3 1 3 . 3 Core 1 | . . . . . 1 Reactor . | . . . . . . Propulsion 19 | . 5 2 2 1 9 Treads . | . . . . . . Leg 18 | . 5 2 2 1 8 Wheel . | . . . . . . Hover 1 | . . . . . 1 Flight . | . . . . . . Utility 8 | . 1 1 3 1 2 Device 4 | . . 1 2 . 1 Storage 1 | . 1 . . . . Processor 1 | . . . . . 1 Hackware . | . . . . . . Protection 2 | . . . 1 1 . Artifact . | . . . . . . Weapon 39 | . 10 3 8 1 17 Energy Gun 15 | . . 2 3 1 9 Energy Cannon 1 | . . . 1 . . Ballistic Gun 8 | . 8 . . . . Ballistic Cannon 2 | . . . 2 . . Launcher 9 | . 2 1 2 . 4 Special Weapon . | . . . . . . Impact Weapon 4 | . . . . . 4 Slashing Weapon . | . . . . . . Piercing Weapon . | . . . . . . Special Melee Weapon . | . . . . . . Unidentified Prototypes 2 | . . 1 . 1 . Corrupted Parts 1 | . . . 1 . . System Corruption 3 | . . . 3 . . Parts Lost 13 | . 1 4 . . 8 Power 4 | . 1 1 . . 2 Propulsion 4 | . . 1 . . 3 Utility 2 | . . . . . 2 Weapon 3 | . . 2 . . 1 Highest Loss Streak 6 | . 1 4 . . 6 To Critical Strikes . | . . . . . . Average Slot Usage (%) 96 | . 98 90 96 96 98 Engine 12 | . 13 14 11 11 10 Leg 29 | . 27 27 29 29 32 Device 4 | . . . 11 11 4 Storage 17 | . 27 19 11 11 11 Processor 1 | . . . . . 6 Protection 6 | . . . 11 11 10 Energy Gun 10 | . . 26 8 11 13 Ballistic Gun 7 | . 27 1 . . . Ballistic Cannon 4 | . . . 7 11 6 Naked Turns . | . . . . . . Heaviest Build 42 | 12 32 33 42 41 42 Greatest Support 33 | 20 20 20 33 33 33 Greatest Overweight (x) 11 | . 2 1 1 1 11 Average Overweight (x) 1 | . . 1 1 1 1 Largest Inventory Capacity 15 | 8 15 15 15 15 15 Average Capacity 14 | 8 14 15 15 15 15 Most Carried 15 | 5 15 15 15 15 15 Average Carried 13 | 3 12 14 13 14 14 Final Capacity 15 | 8 15 15 15 15 15 Final Carried 15 | 1 14 15 13 14 11 Class Distribution -------------------- 85% | Mutant 14% | Scavenger-Mutant Dominant Class ---------------- Mutant | -10/Materials Mutant | -10/Mines Mutant | -9/Materials Mutant | -9/Storage Scavenger-Mutant | -9/Garrison Resources | -11 -10 -10 -9 -9 -9 ----------- Run | Jun Mat Min Mat Sto Gar Matter Collected 1752 | 200 296 128 319 123 686 Remotely . | . . . . . . Salvage Created 3010 | . 560 102 908 517 923 Parts 217 | . 42 6 54 43 72 Haulers Intercepted 1 | . 1 . . . . Recyclers Shooed 4 | . . . 3 1 . Parts Field Recycled . | . . . . . . Retrieved Matter . | . . . . . . Parts Self-Destructed . | . . . . . . Prevented . | . . . . . . Kills | -11 -10 -10 -9 -9 -9 ------- Run | Jun Mat Min Mat Sto Gar Combat Hostiles Destroyed 85 | . 10 5 21 14 35 Guns 35 | . 7 2 7 6 13 Cannons 22 | . . . 8 8 6 AOE 27 | . 3 3 6 . 15 Classes Destroyed 14 | . 6 . 3 2 3 Worker 1 | . 1 . . . . Builder 1 | . . . 1 . . Hauler 1 | . 1 . . . . Recycler 6 | . 2 . 3 1 . Mechanic 1 | . . . 1 . . Operator 1 | . . . . 1 . Watcher 4 | . 3 . 1 . . Swarmer 31 | . 3 3 7 4 14 Grunt 32 | . 7 2 8 2 13 Brawler 1 | . . . . . 1 Duelist 2 | . . . . 1 1 Sentry 15 | . . . 6 7 2 Specialist 2 | . . . . . 2 Programmer 2 | . . . . . 2 Best Kill Streak 6 | . 3 4 5 5 6 Combat Bots Only 6 | . 3 4 4 5 6 Max Kills in Single Turn 4 | . 2 2 4 2 3 Gunslinging 1 | . . . . . 1 Exploded 3 | . 2 2 3 . 3 Melee . | . . . . . . Uniques/NPCs Destroyed . | . . . . . . Combat | -11 -10 -10 -9 -9 -9 -------- Run | Jun Mat Min Mat Sto Gar Damage Taken 2854 | . 405 315 503 236 1395 Core 488 | . 47 38 61 16 326 Absorbed by Shields 361 | . . . 126 92 143 Regen/Repaired (Parts) 127 | . 116 . 11 . . Core Remaining (%) 83 | 100 . 66 . . . Volleys Fired 249 | . 50 21 52 52 74 Largest 2 | . 2 2 2 2 2 Hottest 112 | . 40 60 96 95 112 Shots Fired 424 | . 95 37 91 74 127 Gun 285 | . 90 35 39 32 89 Cannon 117 | . . . 48 42 27 Launcher 22 | . 5 2 4 . 11 Special . | . . . . . . Kinetic 213 | . 90 33 21 42 27 Thermal 162 | . . 2 39 32 89 Explosive 22 | . 5 2 4 . 11 Electromagnetic 27 | . . . 27 . . Robot Hit Streak 26 | . 18 10 26 22 20 Robot Miss Streak 3 | . 3 1 3 1 2 Penetration Max . | . . . . . . Secondary Targets 3 | . 1 . . . 2 Max Gunslinging Chain 1 | . 1 . . . 1 Shots Hit Robots 305 | . 71 33 72 48 81 Core Hits 155 | . 37 10 37 25 46 Critical Kills 1 | . 1 . . . . Critical Parts Destroyed . | . . . . . . Critical Strikes 10 | . 1 . 2 2 5 Burn 5 | . . . . 1 4 Destroy 1 | . 1 . . . . Blast 3 | . . . 1 1 1 Corrupt 1 | . . . 1 . . Melee Attacks 11 | . . . . . 11 Impact 11 | . . . . . 11 Slashing . | . . . . . . Piercing . | . . . . . . Sneak Attacks . | . . . . . . Combat Hostiles . | . . . . . . Follow-up Attacks . | . . . . . . Damage Inflicted 6264 | . 758 527 1600 914 2465 Guns 2458 | . 529 252 333 362 982 Cannons 1735 | . . . 814 552 369 Explosions 1937 | . 229 266 453 . 989 Melee 124 | . . . . . 124 Ramming 10 | . . 9 . . 1 Kinetic 1987 | . 529 232 305 552 369 Thermal 1729 | . . 20 365 362 982 Explosive 1905 | . 229 266 421 . 989 Electromagnetic 509 | . . . 509 . . Impact 124 | . . . . . 124 Slashing . | . . . . . . Piercing . | . . . . . . Highest Corruption 11 | . . . 3 4 11 Average Corruption 3 | . . . 3 4 4 Corruption Purged . | . . . . . . Corruption Blocked . | . . . . . . Effects 76 | . . . 11 16 49 Message Errors 18 | . . . 3 3 12 Matter Fused 18 | . . . 3 1 14 Heat Flow Errors 7 | . . . . 3 4 Energy Discharges 12 | . . . 1 4 7 Parts Rejected 1 | . . . . 1 . Parts Fused 1 | . . . 1 . . Data Loss (minor) 9 | . . . 3 2 4 Data Loss (major) 3 | . . . . 1 2 Misfires 6 | . . . . . 6 Alerts 1 | . . . . 1 . Overload Shots . | . . . . . . Overflow Damage 134 | . 30 21 63 . 20 Projectiles . | . . . . . . Explosions 134 | . 30 21 63 . 20 Melee . | . . . . . . Knockbacks 9 | . . . 1 5 3 Impact . | . . . . . . Kinetic 8 | . . . 1 4 3 Secondary 1 | . . . . 1 . Self-Inflicted Damage 191 | . . . 70 . 121 Shots 8 | . . . 2 . 6 Rammed 1 | . . . . . 1 Targets Rammed 2 | . . 1 . . 1 Kicked 1 | . . 1 . . . Crushed . | . . . . . . Highest Temperature 363 | . 36 61 310 279 363 Average Temperature 96 | . 14 30 101 96 107 Received Heat Transfer 1013 | . 261 270 224 80 178 Effects 8 | . . . 3 . 5 Energy Bleed 2 | . . . 2 . . Interference 6 | . . . 1 . 5 Siege Activations . | . . . . . . Robots Corrupted . | . . . . . . Combat Hostiles . | . . . . . . Parts Fried 2 | . . . 2 . . Impact Corruptions . | . . . . . . Robots Melted 1 | . . . . . 1 Combat Hostiles 1 | . . . . . 1 Parts Melted 4 | . . . 1 1 2 Heat Transferred 3848 | . . 50 773 925 2100 Parts Sabotaged . | . . . . . . Parts Stolen . | . . . . . . Parts Stripped . | . . . . . . Power Chain Reactions 1 | . . . 1 . . Missiles Intercepted . | . . . . . . Alert | -11 -10 -10 -9 -9 -9 ------- Run | Jun Mat Min Mat Sto Gar Peak Influence 1551 | . 215 128 418 482 1551 Initial 177 | . . 1 . 150 177 Average 304 | . 56 36 264 259 774 Maximum Alert Level 4 | . 1 . 2 2 4 Low Security (%) 51 | 100 95 100 21 23 5 Level 1 26 | . 4 . 75 66 16 Level 2 12 | . . . 3 9 39 Level 3 3 | . . . . . 12 Level 4 7 | . . . . . 26 Level 5 . | . . . . . . High Security . | . . . . . . Max Security . | . . . . . . Squads Dispatched 3 | . 1 . 1 1 . Investigation 2 | . 1 . 1 . . Extermination . | . . . . . . Reinforcement 1 | . . . . 1 . Assault . | . . . . . . Garrison . | . . . . . . Intercept . | . . . . . . Searches Triggered . | . . . . . . Construction Impeded . | . . . . . . Haulers Reinforced . | . . . . . . Active Scanning Responses . | . . . . . . Cargo Convoy Interrupts . | . . . . . . Stealth | -11 -10 -10 -9 -9 -9 --------- Run | Jun Mat Min Mat Sto Gar Distress Signals 5 | . 1 . 2 2 . Communications Jammed . | . . . . . . Distress Signals . | . . . . . . Times Spotted 117 | . 18 5 35 23 36 Peak Tracking Total 6 | . 3 3 6 6 6 Tactical Retreats 4 | . . . 2 1 1 Traps | -11 -10 -10 -9 -9 -9 ------- Run | Jun Mat Min Mat Sto Gar Traps Triggered 27 | . 6 . . 3 18 Indirectly . | . . . . . . Trap Hack Attempts . | . . . . . . Triggered . | . . . . . . Disarmed . | . . . . . . Reprogrammed . | . . . . . . Reused . | . . . . . . Traps Extracted . | . . . . . . Installed . | . . . . . . Triggered . | . . . . . . Most Traps Carried 3 | . . 3 3 . . Machines | -11 -10 -10 -9 -9 -9 ---------- Run | Jun Mat Min Mat Sto Gar Machines Disabled 10 | . . . . 4 6 Max in Single Turn 1 | . . . . 1 1 Garrison Relay 5 | . . . . . 5 Machines Repaired . | . . . . . . Machines Sabotaged . | . . . . . . Overloaded Fab Kills . | . . . . . . Hacking | -11 -10 -10 -9 -9 -9 --------- Run | Jun Mat Min Mat Sto Gar Machines Accessed 24 | . 8 . 8 5 3 Terminals 21 | . 7 . 7 4 3 Fabricators . | . . . . . . Repair Stations 2 | . 1 . 1 . . Recycling Units . | . . . . . . Scanalyzers . | . . . . . . Garrison Access 1 | . . . . 1 . Total Hacks 81 | . 27 . 33 14 7 Successful 49 | . 17 . 20 9 3 Failed 31 | . 10 . 12 5 4 Catastrophic 4 | . 1 . 2 . 1 Database Lockouts 1 | . . . 1 . . Manual 42 | . 13 . 18 11 . Terminals 73 | . 23 . 30 13 7 Fabricators . | . . . . . . Repair Stations 7 | . 4 . 3 . . Recycling Units . | . . . . . . Scanalyzers . | . . . . . . Garrison Access 1 | . . . . 1 . Terminal Hacks 32 | . 10 . 14 5 3 Part Schematic 2 | . 1 . . 1 . Robot Analysis 1 | . . . 1 . . Prototype ID Bank 11 | . 3 . 8 . . Open Door 1 | . . . . 1 . Branch Access Points 1 | . . . 1 . . Emergency Access Points 1 | . . . . . 1 Terminal Index 1 | . . . . 1 . Unreport Threat 1 | . 1 . . . . Locate Traps 1 | . . . 1 . . Dispatch Records 1 | . . . 1 . . Registered Components 3 | . 1 . 1 1 . Zone Layout 6 | . 4 . 1 1 . Patrol Navigation 1 | . . . . . 1 Security Stations 1 | . . . . . 1 Fabricator Hacks . | . . . . . . Repair Station Hacks 6 | . 4 . 2 . . Scan Component 3 | . 2 . 1 . . Repair 3 | . 2 . 1 . . Recycling Unit Hacks . | . . . . . . Scanalyzer . | . . . . . . Garrison Access Hacks 1 | . . . . 1 . Unlock Access 1 | . . . . 1 . Unauthorized Hacks 10 | . 3 . 4 3 . Terminals 10 | . 3 . 4 3 . Botnet 10 | . 3 . 4 3 . Fabricators . | . . . . . . Repair Stations . | . . . . . . Recycling Units . | . . . . . . Scanalyzers . | . . . . . . Garrison Access . | . . . . . . Data Cores Recovered . | . . . . . . Used . | . . . . . . Hacking Detections 21 | . 8 . 6 4 3 Full Trace Events 6 | . 1 . 3 . 2 Feedback Events . | . . . . . . Feedback Blocked . | . . . . . . Robot Schematics Acquired . | . . . . . . Robots Built . | . . . . . . Authchips . | . . . . . . Time . | . . . . . . Total Robot Build Rating . | . . . . . . Part Schematics Acquired 2 | . 1 . . 1 . Parts Built . | . . . . . . Authchips . | . . . . . . Time . | . . . . . . Total Part Build Rating . | . . . . . . Parts Repaired 3 | . 2 . 1 . . Time 160 | . 52 . 108 . . Parts Recycled . | . . . . . . Recycled Matter . | . . . . . . Retrieved Matter . | . . . . . . Retrieved Components . | . . . . . . Parts Scanalyzed . | . . . . . . Part Schematics Acquired . | . . . . . . Parts Damaged . | . . . . . . Bothacking | -11 -10 -10 -9 -9 -9 ------------ Run | Jun Mat Min Mat Sto Gar Used RIF Installer . | . . . . . . Robots Hacked . | . . . . . . Non-combat . | . . . . . . Combat . | . . . . . . Robot Hacks Applied . | . . . . . . Relay Couplers Released 23 | . . . . . 23 Machine Destruction 19 | . . . . . 19 Programmers 4 | . . . . . 4 Fabnet Peak Effective % . | . . . . . . Robots Rewired 3 | . . . . . 3 Allies Hacked . | . . . . . . Hacks Repelled . | . . . . . . Allies | -11 -10 -10 -9 -9 -9 -------- Run | Jun Mat Min Mat Sto Gar Total Allies 3 | . . . . . 3 Largest Group 3 | . . . . . 3 Highest-Rated Group 15 | . . . . . 15 Highest-Rated Ally 5 | . . . . . 5 Total Orders . | . . . . . . Ally Attacks 8 | . . . . . 8 Total Damage 66 | . . . . . 66 Kills 1 | . . . . . 1 Allies Corrupted . | . . . . . . Allies Melted . | . . . . . . Intel | -11 -10 -10 -9 -9 -9 ------- Run | Jun Mat Min Mat Sto Gar Robot Analysis Total 1 | . . . 1 . . Derelict Logs Recovered 3 | . . 3 . . . Drone Launches . | . . . . . . Drone Recoveries . | . . . . . . Exploration | -11 -10 -10 -9 -9 -9 ------------- Run | Jun Mat Min Mat Sto Gar Turns Passed 7303 | 4 1984 1266 1198 890 1961 Spaces Moved 3206 | 1 922 617 460 373 833 Core 1 | . . . . . 1 Treads . | . . . . . . Legs 3205 | 1 922 617 460 373 832 Wheels . | . . . . . . Hover . | . . . . . . Flight . | . . . . . . Fastest Speed 120 | 120 120 190 190 190 186 Average Speed 189 | 120 189 190 190 190 188 Slowest Speed 600 | 120 260 190 190 190 600 Overloaded Moves . | . . . . . . Propulsion Burnouts . | . . . . . . Robots Hopped . | . . . . . . Cave-ins Triggered . | . . . . . . Exploration Rate (%) 67 | 2 99 99 66 57 82 Regions Visited 5 Branch Regions 2 Pre-discovered Areas 1 | . . 1 . . . Known Exits Taken 3 | . . 1 1 1 . Unknown Exits Taken 2 | 1 1 . . . . Scrap Searched 1 | . . 1 . . . Spaces Dug 11 | . 11 . . . . Terrain Destroyed 152 | . 45 28 36 1 42 Melee . | . . . . . . Projectile 1 | . . . . 1 . AOE 151 | . 45 28 36 . 42 Terrain Rammed . | . . . . . . Walls Destroyed . | . . . . . . Machines Disabled . | . . . . . . Actions | -11 -10 -10 -9 -9 -9 --------- Run | Jun Mat Min Mat Sto Gar Total 4013 | 6 1072 680 693 480 1082 Wait 291 | . 58 26 149 36 22 Move 3202 | . 921 616 459 373 833 Hop . | . . . . . . Pick Up 42 | . 18 6 5 4 9 Fast Attach 27 | . 14 . 5 1 7 Attach 12 | . . 5 3 1 3 Detach 1 | . . 1 . . . Swap 39 | 1 5 2 8 1 22 Drop 47 | 5 6 2 12 2 20 Fire 249 | . 50 21 52 52 74 Melee 11 | . . . . . 11 Ram 1 | . . . . . 1 Kick 1 | . . 1 . . . Crush . | . . . . . . Escape Stasis 79 | . . . . 10 69 Rewire 11 | . . . . . 11 Trap . | . . . . . . Miscellaneous . | . . . . . . Route ------- -11/Junkyard -10/Materials (discovered 4 exits: *Mat x3 / [*Min]) -10/Mines (discovered 2 exits: *Mat x2) -9/Materials (discovered 4 exits: *Min x2 / *Sto x2) -9/Storage (discovered 2 exits: [*Rec] / Gar) -9/Garrison (discovered 3 exits: [*Mat x3]) History --------- Turn | Location | Event 5 | -11/Junkyard | Discovered new exit (range 0) 5 | -11/Junkyard | Entered Materials 137 | -10/Materials | Discovered new exit (range 9) 300 | -10/Materials | Build established: Mutant 475 | -10/Materials | Discovered new exit (range 16) 606 | -10/Materials | Discovered new exit (range 15) 1137 | -10/Materials | Discovered new exit (range 19) 1374 | -10/Materials | Repaired Aluminum Leg 1402 | -10/Materials | Repaired Lgt. Assault Rifle 1989 | -10/Materials | Entered Mines 2074 | -10/Mines | Lost 4 parts (1p1n2w) 2227 | -10/Mines | Received a Rocket Launcher from a helpful Derelict 2290 | -10/Mines | Found a hidden stash of uninstalled traps 2447 | -10/Mines | Found a damaged Exp. Sensor Array with a note attached 2450 | -10/Mines | Found Prototype Device 2452 | -10/Mines | Identified Exp. Sensor Array 2512 | -10/Mines | Discovered new exit (range 11) 2520 | -10/Mines | Identified exit to Materials 3089 | -10/Mines | Learned location of Zion (-7) 3112 | -10/Mines | Learned Materials terminal intel 3255 | -10/Mines | Entered Materials 3255 | -9/Materials | Evolved 2 slots: Propulsion x1, Utility x1 3256 | -9/Materials | Loaded intel: 12 terminal locations 3465 | -9/Materials | Identified exit to Mines 3465 | -9/Materials | Identified exit to Storage 4041 | -9/Materials | Repaired Exp. Sensor Array 4413 | -9/Materials | Central database locked down 4453 | -9/Materials | Entered Storage 5271 | -9/Storage | Used back door to open Recycling access 5271 | -9/Storage | Discovered new exit (range 4) 5343 | -9/Storage | Identified exit to Garrison 5343 | -9/Storage | Entered Garrison 5446 | -9/Garrison | Triggered checkpoint 5470 | -9/Garrison | Triggered checkpoint 5492 | -9/Garrison | Triggered checkpoint 5501 | -9/Garrison | Triggered checkpoint 5752 | -9/Garrison | Triggered checkpoint 5795 | -9/Garrison | Garrison Relay disabled 6008 | -9/Garrison | Triggered checkpoint 6078 | -9/Garrison | Garrison Relay disabled 6134 | -9/Garrison | Discovered new exit (range 10) 6190 | -9/Garrison | Triggered checkpoint 6534 | -9/Garrison | Triggered checkpoint 6550 | -9/Garrison | Garrison Relay disabled 6560 | -9/Garrison | Build established: Scavenger-Mutant 6660 | -9/Garrison | Discovered new exit (range 11) 6704 | -9/Garrison | Triggered checkpoint 6752 | -9/Garrison | Garrison Relay disabled 6899 | -9/Garrison | Learned Materials security intel 7038 | -9/Garrison | Triggered checkpoint 7045 | -9/Garrison | Garrison Relay disabled 7121 | -9/Garrison | Discovered new exit (range 5) 7178 | -9/Garrison | Core integrity fell below 50% 7283 | -9/Garrison | Core integrity fell below 20% 7286 | -9/Garrison | System corruption reached 10% 7304 | -9/Garrison | Destroyed by P-60 Hacker with Shock Rifle Last Messages --------------- 07216_ G-34 Mercenary destroyed. 07220_ Acquired 27 matter. 07235_ Dropped Hover Unit. 07253_ P-60 Hacker springs to life. 07259_ Destroyed Shock Rifle. 07261_ Hrd. Light Armor Plating destroyed. 07266_ Overheating: System interference. 07266_ Sml. Laser temporarily disabled. 07266_ Imp. Medium Laser temporarily disabled. 07266_ Machine Analyzer temporarily disabled. 07266_ P-60 Hacker critical meltdown. 07278_ Aluminum Leg destroyed. 07279_ VSS Leg destroyed. 07280_ System corrupted: Component data lost. 07284_ Aluminum Leg destroyed. 07287_ Slammed into P-60 Hacker. 07293_ Imp. Medium Laser destroyed. 07296_ Rnf. Ion Engine destroyed. 07297_ System corrupted: Matter fused (-10). 07299_ Acquired Imp. Heat Sink. Map ----- +----------------------------------------------------+ | #??? #??# ????????????? ?????????????????? | | #??? #??# ????????????# #????????????????? | | #### #### ???????????? ????????????????? | | + #???????????# #????????????????? | | + #???????????# ####?????????????? | | ##### ##### #???????????# ]]]#?????????????? | | ????# #???# #####???????! #?????????????? | | ????# #???# # ###?????! !!??????????????? | | ??### #???# #?????# !???????????????? | | ??#"# ###?# ####### ####?????????????? | | ??#"! #?# #?????????????? | | ??# ! +?+ ####### ####?????????????? | | ??#" ! #?# #?????# ####?????????????? | | ??#"# ###?# # # ###????## !!!#?????????????? | | ??### #???# #####??????#! #?????????????? | | ????# #???# #??????????#! !!#?????????????? | | ????# #???# #??????????## !!#?????????????? | | ???## ##??# ############# ####?????????????? | | ???#! !#??# + ===[!%#?????????????? | | ???#! !#??# #############"####?????????????? | | ???#! !#??# #????????#??# #??#?????????????? | | ???##"##??# #????????# # # #?????????????? | | ????# #???# #????????#! + + !#?????????????? | | ????# #???# #????????##+#=#+##?????????????? | | ????# #???# ###??????# p#[#! #?????????????? | | ????# ##### #??????#%@p%+* #?????????????? | | ????# " < #??????#########?????????????? | | ????# ##### #????????????????????????????? | | ??### #???#######????????????????????????????? | | ??# ##?????????????????????????????????????? | | ??# #?????????????????????????????????????? | | ??# #?????????????????????????????????????? | | ??### #?????????????????????????????????????? | | ???# #?????????????????????????????????????? | | ??# #?????????????????????????????????????? | | ??######?????????????????????????????????????? | | ?????????????????????????????????????????????? | | ?????????????????????????????????????????????? | | ?????????????????????????????????????????????? | | | | | | | | | | | | | | | | | | | | | | | +----------------------------------------------------+ Best States ------------- Heat Dissipation 42 Energy Generation 14 Energy Capacity 265 Matter Stores 300 Matter Capacity 300 Sight Range 16 Terrain Scan Density 10 Armor Coverage 150 Resistance: KI 20 Resistance: TH 20 Resistance: EX 20 Resistance: EM 20 Resistance: I 20 Resistance: S 20 Resistance: P 20 Evasion (%) 55 Offensive Hacking 10 Item Schematics ----------------- Lgt. Ion Engine | -10/Materials | Hacked Weapon Cycler | -9/Storage | Hacked Robot Schematics ------------------ None Fabricated ------------ Nothing Alien Tech Used ----------------- None Achievements -------------- None Challenges ------------ None Game ------ Seed CouplerEnergyDoublenader Manual? 0 Play Time 00:48:00 Cumulative 163.1 hours Start 2023.05.22 @ 00:53:24 End 2023.05.22 @ 01:56:05 Sessions 1 Manual Loads 0 Difficulty Adventurer Special Mode None Game No. 132 Rogue 63 Adventurer 43 Explorer 26 Win Type - Total 1 Types 1/0/0/0/0/0/0/0/0 Lore% 54 Gallery% 65 Achievement% 67 Wizard Run 0 Options --------- ASCII 0 Keyboard 0 Movement Mouse Keybinds 0 Fullscreen 0 Font 16/Smallcaps Map View 76x50 Tactical HUD 1 Map Filters NONE Filters BRIGHTNESS(115)|SATURATION(100)|LOW_CONTRAST(0,16,30) Steam 1 RUN: 427f5441-bd65-4886-919a-6beed770d446